AoeStats
← amityy

MegaRandom

510035828Analyzed
2v2 RM · 3d ago on Sep 29, 2026· 46m 41s· 4 players
Game mode
Random Map
Map size
Medium (4 player)
Population
200
Speed
Normal
Resources
Standard
Victory
Conquest
Starting age
Dark Age
Ending age
Imperial Age
RankedLock teamsTeams togetherTeam positionsShared explorationLock speedFull tech treeHidden civsTurbo modeCheats
Victory
Defeat
🇺🇸 Persians · United States
974
+12
🇺🇸 Tatars · United States
815
+19
🇲🇽 Magyars · Mexico
970
-19
🇲🇽 Teutons · Mexico
800
-12
Odo'Sha
2:25 Loom
10:48 Feudal Age
15:10 Man-at-Arms
18:42 Double-Bit Axe
21:31 Castle Age
26:16 Pikeman
26:57 Squires
26:42 Arson
30:50 Forging
30:37 Horse Collar
34:20 Scale Mail Armor
37:24 Imperial Age
36:48 Wheelbarrow
38:51 Iron Casting
39:21 Chain Mail Armor
39:11 Halberdier
43:52 Hand Cart
46:06 Plate Mail Armor
Inhapropiado
10:38 Feudal Age
15:11 Castle Age
14:49 Loom
15:18 Double-Bit Axe
19:57 Horse Collar
21:28 Gold Mining
22:32 Fletching
23:27 Town Watch
24:44 Bodkin Arrow
26:28 Gold Shaft Mining
32:56 Imperial Age
32:23 Murder Holes
33:48 Husbandry
33:59 Bloodlines
33:56 Scale Barding Armor
33:50 Stone Mining
35:07 Thumb Ring
37:19 Wheelbarrow
37:20 Chain Barding Armor
37:34 Town Patrol
38:30 Scale Mail Armor
38:04 Pikeman
38:31 Arson
40:48 Hand Cart
41:21 Ballistics
42:26 Chemistry
42:05 Corvinian Army
45:02 Plate Barding Armor
44:28 Padded Archer Armor
46:03 Parthian Tactics
47:00 Chain Mail Armor
46:46 Bracer
amityy
10:22 Feudal Age
14:03 Castle Age
12:46 Double-Bit Axe
12:42 Horse Collar
13:24 Loom
15:20 Bow Saw
23:59 Scale Barding Armor
25:13 Heavy Plow
26:11 Chain Barding Armor
27:08 Forging
28:56 Iron Casting
32:44 Gold Mining
34:40 Bloodlines
34:30 Husbandry
38:47 Imperial Age
39:51 Plate Barding Armor
40:37 Blast Furnace
40:32 Wheelbarrow
41:04 Conscription
41:55 Elite War Elephant
44:12 Gold Shaft Mining
44:08 Hand Cart
45:52 Light Cavalry
crustytots409
8:59 Loom
11:59 Feudal Age
17:22 Fletching
21:19 Scale Mail Armor
21:44 Double-Bit Axe
26:11 Castle Age
28:11 Crossbowman
33:06 Bodkin Arrow
36:08 Horse Collar
38:23 Ballistics
39:34 Elite Skirmisher
41:37 Wheelbarrow
40:55 Gold Mining
44:10 Padded Archer Armor
46:24 Hand Cart
Connection lost

Rejoining the realm…

Still unreachable

The connection could not be restored.

Session expired

The server has moved on; the page needs a fresh start.